 Dungeon Crawl Stone Soup version 0.30.1-11-g7821555f0a (webtiles) character file.

Game seed: 12823492475445989956

1143 RancidPinata the Trooper (level 8, -10/53 HPs)
             Began as a Gargoyle Gladiator on Dec 5, 2023.
             Was an Initiate of Okawaru.
             Killed from afar by a steam dragon (27 damage)
             ... with a ball of steam
             ... on level 6 of the Dungeon.
             The game lasted 00:15:10 (5983 turns).

RancidPinata the Trooper (Gargoyle Gladiator)       Turns: 5983, Time: 00:15:14

Health: -10/53     AC: 12    Str: 19    XL:     8   Next: 37%
Magic:  8/8        EV: 11    Int: 10    God:    Okawaru [......]
Gold:   70         SH:  0    Dex: 11    Spells: 7/7 levels left

rFire   . . .        a - +0 flail
rCold   . . .        (no shield)
rNeg    + . .        q - +0 ring mail
rPois   ∞            c - +0 helmet
rElec   +            (no cloak)
rCorr   +            (no gloves)
SInv    +            (no boots)
Will    .....        (no amulet)
Stlth   +            A - ring of resist corrosion
HPRegen 0.28/turn    B - ring of see invisible
MPRegen 0.11/turn

%: no passive effects
@: no status effects
A: sickness immunity, AC +5, negative energy resistance 1, electricity
resistance, torment resistance 1, petrification resistance
a: Renounce Religion


You were on level 6 of the Dungeon.
You worshipped Okawaru.
Okawaru was noncommittal.
You visited 2 branches of the dungeon, and saw 7 of its levels.

You collected 224 gold pieces.
You spent 154 gold pieces at shops.

Inventory:

Hand Weapons
 a - a +0 flail (weapon)
 p - a +0 short sword
Missiles
 d - a throwing net (quivered)
 e - a javelin
 h - 69 stones
 n - 8 poisoned darts
 s - 3 boomerangs
Armour
 c - a +0 helmet (worn)
 q - a +0 ring mail (worn)
Magical Staves
 y - a staff of earth
Jewellery
 k - a ring of protection from cold
 x - a ring of ice
 A - a ring of resist corrosion (left hand)
 B - a ring of see invisible (right hand)
 E - an amulet of guardian spirit
Scrolls
 b - a scroll of noise {unknown}
 f - 2 scrolls of magic mapping {unknown}
 i - 4 scrolls of identify {unknown}
 u - 4 scrolls of teleportation {unknown}
 w - a scroll of vulnerability
 F - a scroll of enchant weapon {unknown}
 G - 3 scrolls of acquirement {unknown}
Potions
 g - 4 potions of curing
 j - a potion of mutation {unknown}
 l - a potion of attraction
 m - 2 potions of might {unknown}
 o - a potion of invisibility {unknown}
 r - a potion of resistance {unknown}
 t - 2 potions of degeneration {unknown}
 v - 2 potions of lignification {unknown}
 z - a potion of berserk rage {unknown}
 C - 3 potions of brilliance {unknown}
 D - a potion of heal wounds


   Skills:
 * Level 7.0 Fighting
 + Level 5.2 Maces & Flails
 + Level 4.2 Throwing
 + Level 4.4 Armour
 - Level 2.4 Dodging


You had 7 spell levels left.
You didn't know any spells.
Your spell library contained the following spells:

 Spells                   Type           Power      Damage    Failure   Level
 Necrotise                Necr           0%         1d4       54%         1
 Sandblast                Erth           0%         2d4       54%         1
 Shock                    Conj/Air       0%         1d3       54%         1
 Ensorcelled Hibernation  Hex/Ice        0%         N/A       67%         2
 Passwall                 Tmut/Erth      0%         N/A       67%         2
 Poisonous Vapours        Pois/Air       0%         N/A       67%         2
 Mephitic Cloud           Conj/Pois/Air  0%         N/A       88%         3
 Ozocubu's Armour         Ice            0%         N/A       88%         3
 Stone Arrow              Conj/Erth      0%         3d7       88%         3
 Swiftness                Air            0%         N/A       88%         3
 Vampiric Draining        Necr           0%         2d6       88%         3
 Airstrike                Air            0%         2d(0-16)  99%         4
 Agony                    Necr           0%         N/A       100%        5
 Freezing Cloud           Conj/Ice/Air   0%         6-21      100%        5
 Ozocubu's Refrigeration  Ice            0%         4d7       100%        7


Dungeon Overview and Level Annotations

Branches:
Dungeon (6/15)             Temple (1/1) D:5

Altars:
Ashenzari
Cheibriados
Elyvilon
Fedhas
Gozag
Okawaru
Qazlal
Ru
Sif Muna
Trog
Vehumet
Yredelemnul

Shops:
D:1 !   D:2 [


Innate Abilities, Weirdness & Mutations

You are immune to sickness and miasma.
Your stone body is resilient. (AC +5)
You are immune to poison.
You resist negative energy. (rN+)
You are resistant to electric shocks. (rElec)
You are resistant to unholy torment.
You are immune to petrification.


Message History

The steam dragon is moderately wounded.
The steam dragon barely misses you. The steam dragon misses you.
You barely miss the steam dragon.
The steam dragon is moderately wounded.
The steam dragon barely misses you. The steam dragon claws you.
The steam dragon bites you but does no damage.
The steam dragon claws you but does no damage.
You barely miss the steam dragon.
The steam dragon is moderately wounded.
The steam dragon breathes steam at you. The ball of steam hits you!
* * * LOW HITPOINT WARNING * * *
You sock the steam dragon!
The steam dragon is severely wounded.
You are engulfed in a cloud of scalding steam.
The steam dragon completely misses you.
The steam dragon claws you but does no damage.
You barely miss the steam dragon.
The steam dragon is severely wounded.
You are engulfed in a cloud of scalding steam.
The steam dragon bites you but does no damage.
The steam dragon claws you but does no damage.
You barely miss the steam dragon.
The steam dragon is severely wounded.
The steam dragon breathes steam at you.
The ball of steam hits you but does no damage.
You hit the steam dragon but do no damage.
Your punch misses the steam dragon.
The steam dragon is severely wounded.
You are engulfed in a cloud of scalding steam.
The steam dragon closely misses you.
The steam dragon claws you but does no damage.
You hit the steam dragon but do no damage.
The steam dragon is severely wounded.
You are engulfed in a cloud of scalding steam.
The steam dragon barely misses you. The steam dragon closely misses you.
The steam dragon breathes steam at you. The ball of steam hits you!!
Ouch! That really hurt!
You die...

#.........###....#####
+.........'...........
#.........####...###.#
#...§...## #..####.#
##..§..## #.....#.#
##...## ##......#
##'## ####.### #.# #.#
#@# #.# #D# #.# ...
#.# ..... #.# ##...##
#.# ##.## #.# #.# ...


You could see a steam dragon (catching breath).

Vanquished Creatures
  Grinder (D:3)
  Sigmund (D:5)
  A water moccasin (D:5)
  2 phantoms
  Blork the orc (D:4)
  A scorpion (D:5)
  3 hounds
  A gnoll bouda (D:5)
  A sleepcap (D:5)
  An iguana (D:5)
  7 gnolls
  4 adders
  An ufetubus (D:5)
  A worm (D:2)
  2 dart slugs
  14 orcs
  7 endoplasms
  6 giant cockroaches
  9 goblins
  9 hobgoblins
  6 jackals
  9 quokkas
  7 ball pythons
  7 bats
  3 frilled lizards
  6 kobolds
  5 rats
116 creatures vanquished.

Vanquished Creatures (others)
  A wizard (D:5)
1 creature vanquished.

Grand Total: 117 creatures vanquished

Notes
Turn   | Place    | Note
-------+----------+-------------------------------------------
     0 | D:1      | RancidPinata the Gargoyle Gladiator began the quest for the
                  | Orb.
     0 | D:1      | Reached XP level 1. HP: 12/12 MP: 1/1
   130 | D:1      | Reached XP level 2. HP: 18/18 MP: 2/2
   581 | D:1      | Found Puoluun's Distillery.
   620 | D:1      | Reached skill level 1 in Armour
   736 | D:1      | Reached XP level 3. HP: 22/22 MP: 3/3
   816 | D:1      | Reached skill level 3 in Fighting
  1390 | D:2      | Found Quhi's Armour Shoppe.
  1557 | D:2      | Found a faded altar of an unknown god.
  1753 | D:2      | Reached XP level 4. HP: 26/28 MP: 4/4
  2501 | D:3      | Noticed Grinder
  2503 | D:3      | Paralysed by Grinder for 2 turns
  2529 | D:3      | Paralysed by Grinder for 3 turns
  2535 | D:3      | Paralysed by Grinder for 5 turns
  2549 | D:3      | Killed Grinder
  2550 | D:3      | Reached skill level 4 in Fighting
  2550 | D:3      | Reached XP level 5. HP: 6/34 MP: 5/5
  2550 | D:3      | Reached XP level 6. HP: 7/39 MP: 6/6
  3351 | D:4      | Reached skill level 5 in Fighting
  3533 | D:4      | Noticed Blork the orc
  3543 | D:4      | Killed Blork the orc
  3544 | D:4      | Reached XP level 7. HP: 33/44 MP: 7/7
  4332 | D:5      | Entered Level 5 of the Dungeon
  4519 | D:1      | Bought a potion of heal wounds for 70 gold pieces
  4519 | D:1      | Bought a potion of curing for 42 gold pieces
  4519 | D:1      | Bought a potion of curing for 42 gold pieces
  4660 | D:5      | Reached skill level 6 in Fighting
  4745 | D:5      | Noticed Sigmund
  4774 | D:5      | Killed Sigmund
  4775 | D:5      | Reached XP level 8. HP: 42/52 MP: 8/8
  4873 | D:5      | Reached skill level 5 in Maces & Flails
  5200 | D:5      | Found an iron altar of Okawaru.
  5242 | D:5      | Became a worshipper of Warmaster Okawaru
  5480 | D:5      | Found a staircase to the Ecumenical Temple.
  5484 | D:5      | Reached skill level 7 in Fighting
  5505 | Temple   | Entered the Ecumenical Temple
  5805 | D:5      | Found a bloodstained altar of Trog.
  5806 | D:5      | Noticed a wizard
  5811 | D:5      | Killed a wizard
  5983 | D:6      | Killed from afar by a steam dragon

Illustrated notes

Levels and vault maps discovered:
D:1:      minmay_arrival_checkered_box, layout_loops_corners, serial_shops,
          nicolae_shop_stone
D:2:      layout_basic, serial_shops, shop,
          hellmonk_ecumenical_altar_slurped_away, minmay_fractal_squares_5
D:3:      layout_basic, uniq_grinder
D:4:      cheibrodos_old_hovel, layout_gridville, serial_bayou_pond_a,
          minmay_crossroads, uniq_blork_the_orc
D:5:      layout_basic, trog_wizard, overflow_temple_1_default, temple_green,
          kennysheep_opposing_triangles, uniq_sigmund
D:6:      minmay_polygon_palace, layout_loops_corners,
          nicolae_wu_jian_glorious_leap, st_stairs_13
Temple:   compressed_dpeg_circular_temple

Skill      XL: |  1  2  3  4  5  6  7  8 |
---------------+-------------------------+-----
Throwing       | 2 3 4 |  4.2
Armour         | 1 2 3 4 |  4.4
Fighting       | 3 4 5 6 7 |  7.0
Maces & Flails | 4 5 |  5.2
Dodging        | |  2.4

Action                     |  1- 3 |  4- 6 |  7- 9 || total
---------------------------+-------+-------+-------++-------
  Melee: Flail             |   129 |   110 |   211 ||   450
         Punch             |       |     1 |     2 ||     3
  Throw: Throwing net      |       |     3 |     2 ||     5
    Use: Potion            |       |     1 |     1 ||     2
         Scroll            |       |       |     1 ||     1
   Stab: Held in net/web   |       |     1 |       ||     1
 Armour: Leather armour    |    48 |       |       ||    48
         Ring mail         |    14 |    68 |   132 ||   214
  Dodge: Dodged            |   104 |    70 |   162 ||   336
